 Dungeon Crawl Stone Soup version 0.25.1-2-g60ff931df9 (webtiles) character file.

Game seed: 15931153411135628663

354 Johnny the Poker (level 6, -1/52 HPs)
             Began as a Demigod Gladiator on Aug 16, 2020.
             Slain by an orc priest
             ... wielding a +0 hand axe
              (2 damage)
             ... on level 4 of the Dungeon.
             The game lasted 00:02:59 (3535 turns).

Johnny the Poker (Demigod Gladiator)                Turns: 3535, Time: 00:02:59

Health: -1/52      AC:  6    Str: 21    XL:     6   Next: 12%
Magic:  8/8        EV: 16    Int: 12    God:
Gold:   105        SH:  0    Dex: 17    Spells: 5/5 levels left

rFire    . . .     SeeInvis .   i - +0 halberd
rCold    . . .     Gourm    .   (shield currently unavailable)
rNeg     . . .     Faith    .   h - +0 ring mail
rPois    .         Spirit   .   c - +0 helmet
rElec    .         Reflect  .   (no cloak)
rCorr    .         Harm     .   (no gloves)
MR       .....     Rnd*Tele +   (no boots)
Stlth    +.........             (no amulet)
HPRegen  0.17/turn              j - ring of teleportation (curse)
MPRegen  0.11/turn              s - +4 ring of evasion

@: no status effects
A: high mp 1
a: no special abilities


You were on level 4 of the Dungeon.
You were not hungry.

You visited 1 branch of the dungeon, and saw 4 of its levels.

You collected 105 gold pieces.

Inventory:

Hand Weapons
 a - a +0 trident
 i - a +0 halberd (weapon)
Missiles
 d - 3 throwing nets (quivered)
Armour
 c - a +0 helmet (worn)
 h - a +0 ring mail (worn)
Jewellery
 j - a cursed ring of teleportation (left hand)
 s - a +4 ring of evasion (right hand)
Scrolls
 e - a scroll of amnesia {unknown}
 l - 3 scrolls of remove curse {unknown}
 o - 2 scrolls of teleportation
 p - a scroll of enchant armour
 t - a scroll of enchant weapon
Potions
 b - a potion of invisibility {unknown}
 g - 4 potions of might
 k - a potion of stabbing {unknown}
 m - a potion of resistance {unknown}
 n - a potion of heal wounds {unknown}
 q - a potion of brilliance {unknown}
 r - a potion of curing {unknown}
 u - a potion of ambrosia {unknown}
 w - a potion of lignification {unknown}
Comestibles
 f - 10 rations


   Skills:
 + Level 3.7 Fighting
 * Level 5.6 Polearms
 - Level 1.7 Throwing
 - Level 2.6 Dodging


You had 5 spell levels left.
You didn't know any spells.
Your spell library was empty.

Dungeon Overview and Level Annotations

Branches:
Dungeon (4/15)
 Temple: D:4-7


Innate Abilities, Weirdness & Mutations

You have an increased reservoir of magic. (+10% MP)


Message History

* * * LOW HITPOINT WARNING * * *
The orc misses you. The orc priest barely misses you.
Unknown command.
You hit the orc priest.
The orc priest is almost dead.
The orc closely misses you.
The orc priest invokes the aid of Beogh against you.
Beogh smites you!
* * * LOW HITPOINT WARNING * * *
Unknown command.
Okay, then.
Evoke which item? (* to show all) (? for menu, Esc to quit)
Okay, then.
Attack whom?
Press: ? - help, Dir - move target cursor, f - orc
Aim: an orc, wielding a +0 short sword and wearing a +0 leather armour You hit the orc but do no damage.
The orc hits you with a +0 short sword.
* * * LOW HITPOINT WARNING * * *
The orc priest hits you with a +0 hand axe.
You die...

#.##.###.........o...
#.##........oo.o.o...
#.###........###.....
#.# #.......o# ###
######.# ##.#####.#
#......# #..# #o#
##......# ##.# #.#
.'......# #.####'##
##.....## #...@o..#
.#.....# ##..†o..#
.####### #......# .#
##.....# .# #.##'##
.# #.##.# .# #.##.#
.# #..#.# ### ######
##.#.#


You could see an orc priest and an orc.

Vanquished Creatures
  A bullfrog (D:3)
  An orc priest (D:3)
  An iguana (D:4)
  2 worker ants
  6 gnolls (D:3)
  3 adders
  An ooze (D:3)
  An adder skeleton (D:4)
  4 worms
  2 dart slugs
  4 leopard geckos
  5 orcs
  A ball python (D:3)
  A giant cockroach (D:2)
  6 goblins
  11 hobgoblins
  7 jackals
  A quokka (D:2)
  4 bats
  A frilled lizard (D:1)
  2 kobolds (D:1)
  11 rats
76 creatures vanquished.

Vanquished Creatures (others)
  A giant cockroach (D:4)
1 creature vanquished.

Grand Total: 77 creatures vanquished

Notes
Turn   | Place    | Note
-------+----------+-------------------------------------------
     0 | D:1      | Johnny the Demigod Gladiator began the quest for the Orb.
     0 | D:1      | Reached XP level 1. HP: 17/17 MP: 3/3
    34 | D:1      | Reached skill level 3 in Polearms
   208 | D:1      | Reached XP level 2. HP: 23/24 MP: 4/4
  1048 | D:2      | Reached XP level 3. HP: 26/30 MP: 5/5
  1582 | D:2      | Reached skill level 4 in Polearms
  1724 | D:3      | Reached XP level 4. HP: 35/37 MP: 6/6
  1922 | D:3      | Noticed a bullfrog
  1944 | D:3      | Killed a bullfrog
  1944 | D:3      | Reached XP level 5. HP: 20/45 MP: 7/7
  2139 | D:3      | Found a hazy altar of Hepliaklqana.
  2153 | D:3      | Reached skill level 5 in Polearms
  2257 | D:3      | Found an opulent altar of Gozag.
  2403 | D:4      | HP: 2/45 [poisoned by a worker ant]
  2411 | D:4      | HP: 2/45 [poisoned by a worker ant]
  3002 | D:3      | Reached XP level 6. HP: 49/52 MP: 8/8
  3535 | D:4      | HP: 1/52 [orc/+0 short sword (4)]
  3535 | D:4      | Slain by an orc priest

Illustrated notes

Levels and vault maps discovered:
D:1:      matt_arrival_grand_opening, layout_basic,
          chequers_serial_rivers_micro_e
D:2:      cheibrodos_helix_gallery, layout_rooms
D:3:      layout_basic, lemuel_doored_altar, nicolae_overflow_crystal_walls,
          first_ration
D:4:      layout_basic, fiery_altar_vehumet, hangedman_decor_diamond_cutter,
          minmay_goblin_kobold_house

Skill      XL: |  1  2  3  4  5 |
---------------+----------------+-----
Polearms       | 3 4 5 |  5.6
Fighting       | 2 3 |  3.7
Throwing       | |  1.7
Dodging        | |  2.6

Action                   |  1- 3 |  4- 6 || total
-------------------------+-------+-------++-------
Melee: Trident           |   128 |   116 ||   244
       Halberd           |       |    51 ||    51
  Use: Scroll            |       |     4 ||     4
  Eat: Chunk             |     3 |     6 ||     9
Armor: Leather armour    |    10 |       ||    10
       Ring mail         |     6 |    38 ||    44
Dodge: Dodged            |    63 |   124 ||   187
